 Dungeon Crawl Stone Soup version 0.20-a0-760-g49f5558 (webtiles) character file.

79 Kurtz the Cudgeler (level 3, -4/29 HPs)
             Began as a Demigod Gladiator on Feb 26, 2017.
             Killed from afar by Ijyb (6 damage)
             ... with a wand of acid (?/15)
             ... on level 3 of the Dungeon.
             The game lasted 00:04:30 (1581 turns).

Kurtz the Cudgeler (Demigod Gladiator)              Turns: 1581, Time: 00:04:30

Health: -4/29      AC:  3    Str: 17    XL:     3   Next: 95%
Magic:  5/5        EV: 11    Int: 12    God:
Gold:   79         SH:  0    Dex: 19    Spells: 2/2 levels left

rFire    . . .     SeeInvis .   a - +0 flail
rCold    + . .     Gourm    .   r - +0 scale mail
rNeg     . . .     Faith    .   (no shield)
rPois    .         Spirit   .   c - +0 helmet
rElec    .         Reflect  .   (no cloak)
rCorr    .         Harm     .   (no gloves)
MR       .....                  (no boots)
Stlth    ..........             (no amulet)
Regen    0.1/turn               (no ring)
MPRegen  0.1/turn               j - ring of protection from cold

@: corroded
A: high mp 1
a: no special abilities


You were on level 3 of the Dungeon.
You were not hungry.

You visited 1 branch of the dungeon, and saw 3 of its levels.

You collected 79 gold pieces.

Inventory:

Hand Weapons
 a - a +0 flail (weapon)
Missiles
 d - a throwing net (quivered)
Armour
 b - a +0 leather armour
 c - a +0 helmet (worn)
 e - a +0 ring mail
 r - a +0 scale mail (worn)
Jewellery
 j - a ring of protection from cold (left hand)
 o - an uncursed ring of ice
Scrolls
 g - a scroll of teleportation {unknown}
 h - a scroll of recharging {unknown}
 n - a scroll of remove curse {unknown}
 p - a scroll of amnesia {unknown}
 q - a scroll of identify {unknown}
Potions
 k - a potion of heal wounds {unknown}
 s - a potion of curing
Comestibles
 f - a bread ration
 i - 4 fruits
 l - 2 meat rations
 t - a royal jelly


   Skills:
 - Level 1.7 Fighting
 * Level 4.2 Maces & Flails
 - Level 1.7 Throwing
 * Level 1.2 Armour
 - Level 2.6 Dodging


You had 2 spell levels left.
You didn't know any spells.

Dungeon Overview and Level Annotations

Branches:
Dungeon (3/15)

Annotations:
D:2 Sigmund
D:3 Ijyb


Innate Abilities, Weirdness & Mutations

You have an increased reservoir of magic. (+10% MP)


Message History

There is a stone staircase leading down, spattered with blood here.
Unknown command.
Ijyb zaps a wand.
The bolt of acid hits you! The acid corrodes you!
You are splashed with acid!
The acid burns!
* * * LOW HITPOINT WARNING * * *
It is a wand of acid (?/15).
You climb downwards.
There is a stone staircase leading up here.
You are too injured to fight recklessly!
Throwing (i - inventory):
d - 2 throwing nets (quivered)
Press: ? - help, Shift-Dir - straight line, f - Ijyb
Aim: Ijyb, wielding a club, wearing a glowing scale mail and carrying a wand of acid (?/15) {zapped: 1} You throw a throwing net.
The throwing net hits Ijyb.
Ijyb is caught in the net!
Ijyb struggles against the net.
You hit Ijyb but do no damage.
Ijyb struggles against the net.
Ijyb zaps a wand.
The bolt of acid misses you.
Ijyb struggles against the net.
You hit Ijyb but do no damage. You hit Ijyb but do no damage.
Ijyb struggles against the net.
You hit Ijyb but do no damage.
Ijyb zaps a wand.
The bolt of acid hits you!
You die... ## .# .# .# .# .# #####.####.. #..g@....... #####.###.## .# .# .# .. #. .

You could see Ijyb (caught).

Vanquished Creatures
  4 adders
  An ooze (D:1)
  2 dart slugs
  A leopard gecko (D:1)
  A ball python (D:3)
  2 giant cockroaches (D:2)
  7 goblins
  A hobgoblin (D:1)
  3 jackals (D:1)
  A kobold (D:2)
  A quokka (D:1)
  3 bats (D:1)
  3 frilled lizards
  4 rats
34 creatures vanquished.

Notes
Turn   | Place    | Note
-------+----------+-------------------------------------------
     0 | D:1      | Kurtz the Demigod Gladiator began the quest for the Orb.
     0 | D:1      | Reached XP level 1. HP: 17/17 MP: 3/3
    60 | D:1      | Reached skill level 3 in Maces & Flails
   472 | D:1      | Reached XP level 2. HP: 24/24 MP: 4/4
  1058 | D:1      | Reached XP level 3. HP: 9/29 MP: 5/5
  1421 | D:2      | Reached skill level 4 in Maces & Flails
  1463 | D:2      | Noticed Sigmund
  1465 | D:2      | Noticed Ijyb
  1478 | D:3      | Reached skill level 1 in Armour
  1581 | D:3      | Killed from afar by Ijyb

Vault maps used:
D:1:      dpeg_arrival_brainrot, minmay_box_of_dots
D:2:      grunt_gozag_statues, uniq_sigmund, uniq_iyjb
D:3:      nicolae_overflow_hidden_temple, gammafunk_temple_overflow_pools,
          gammafunk_temple_overflow_wave

Skill      XL: |  1  2  3 |
---------------+----------+-----
Maces & Flails | 3 4 |  4.2
Armour         | 1 |  1.2
Fighting       | |  1.7
Throwing       | |  1.7
Dodging        | |  2.6

Action                   || total
-------------------------++-------
Melee: Flail             ||   136
Throw: Throwing net      ||     2
  Use: Potion            ||     1
 Stab: Held in net/web   ||     1
  Eat: Chunk             ||     2
Armor: Leather armour    ||    11
       Ring mail         ||     6
       Scale mail        ||    49
Dodge: Dodged            ||   138
